 Dungeon Crawl Stone Soup version 0.29-a0-819-g94b489e0ae (webtiles) character file.

Game seed: 5251344654724285869

72 ReploidZero the Gusty (level 4, -2/24 HPs)
             Began as a Tengu Air Elementalist on July 6, 2022.
             Killed by their own static electricity (3 damage)
             ... on level 2 of the Dungeon.
             The game lasted 00:04:48 (1819 turns).

ReploidZero the Gusty (Tengu Air Elementalist)      Turns: 1819, Time: 00:04:49

Health: -2/24      AC:  4    Str:  9    XL:     4   Next: 25%
Magic:  0/8        EV: 13    Int: 17    God:
Gold:   49         SH:  0    Dex: 14    Spells: 5/8 levels left

rFire   . . .      SeeInvis .   c - +0 dagger (protect)
rCold   . . .      Faith    .   (no shield)
rNeg    . . .      Spirit   .   a - +0 robe
rPois   .          Reflect  .   (helmet restricted)
rElec   .          Harm     .   h - +0 cloak
rCorr   .          Rampage  .   k - +0 pair of gloves
Will    .....                   (boots unavailable)
Stlth   ++........              (no amulet)
HPRegen 0.08/turn               (no ring)
MPRegen 0.11/turn               (no ring)

@: no status effects
A: beak, talons 3
a: no special abilities


You were on level 2 of the Dungeon.
You visited 1 branch of the dungeon, and saw 2 of its levels.

You collected 49 gold pieces.

Inventory:

Hand Weapons
 c - a +0 dagger of protection (weapon)
Armour
 a - a +0 robe (worn)
 h - a +0 cloak (worn)
 k - a +0 pair of gloves (worn)
Wands
 i - a wand of quicksilver (9)
Scrolls
 g - 2 scrolls of teleportation
 j - 2 scrolls of amnesia
 n - a scroll of poison {unknown}
 o - 2 scrolls of identify {unknown}
 p - a scroll of vulnerability {unknown}
Potions
 b - a potion of magic
 d - a potion of flight {unknown}
 e - a potion of curing {unknown}
 f - 2 potions of brilliance {unknown}
 l - 3 potions of ambrosia {unknown}
 m - a potion of heal wounds {unknown}


   Skills:
 + Level 3.0 Dodging
 - Level 2.0 Stealth
 + Level 2.5 Spellcasting
 + Level 2.9 Conjurations
 + Level 4.8 Air Magic


You had 5 spell levels left.
You knew the following spells:

 Your Spells              Type           Power      Damage    Failure   Level
a - Shock                 Conj/Air       60%        1d6       3%          1
b - Static Discharge      Conj/Air       15%        3-5/arc   5%          2

Your spell library contained the following spells:

 Spells                   Type           Power      Damage    Failure   Level
 Swiftness                Air            18%        N/A       8%          3
 Airstrike                Air            9%         0-4+      26%         4


Dungeon Overview and Level Annotations

Branches:
Dungeon (2/15)

Altars:

Annotations:
D:2 Robin


Innate Abilities, Weirdness & Mutations

You have a beak for a mouth.
You have claws for feet.


Message History

Robin roars a battlecry!
The goblins go into a battle-frenzy!
The goblin closely misses you.
A hobgoblin comes into view.
Unknown command.
Casting: Static Discharge (safe; 6% risk of failure)
Confirm with . or Enter, or press ? or * to list all spells.
The goblin is struck by an arc of lightning.
You kill the goblin!
You are struck by an arc of lightning.
The goblin is struck by an arc of lightning!
You kill the goblin!
You are struck by an arc of lightning.
The lightning grounds out.
Robin throws the goblin at you! The goblin hits you with a +0 club.
Unknown command.
Casting: Static Discharge (safe; 5% risk of failure)
Confirm with . or Enter, or press ? or * to list all spells.
The goblin is struck by an arc of lightning.
You kill the goblin!
You are struck by an arc of lightning.
* * * LOW HITPOINT WARNING * * *
Robin throws the goblin at you! The goblin hits you with a +0 club.
* * * LOW HITPOINT WARNING * * *
Unknown command.
Unknown command.
Casting: Static Discharge (safe; 5% risk of failure)
Confirm with . or Enter, or press ? or * to list all spells.
The goblin is struck by an arc of lightning.
You kill the goblin!
You are struck by an arc of lightning.
* * * LOW HITPOINT WARNING * * *
The goblin is struck by an arc of lightning.
The goblin is severely wounded.
You are struck by an arc of lightning.
* * * LOW HITPOINT WARNING * * *
The lightning grounds out.
The goblin is struck by an arc of lightning.
You kill the goblin!
You are struck by an arc of lightning.
You die...

#.## ##.†#
#...########
#.#........###
#####.########...#
#.....# ###.#
#.##### #.. #)#
### #@# # #)# #g#
#.#


ggg ... ... ##### You could see Robin, 2 hobgoblins and a goblin (strong).

Vanquished Creatures
  2 dart slugs
  3 ball pythons
  2 bats
  6 endoplasms
  2 giant cockroaches
  16 goblins
  4 hobgoblins
  12 jackals
  A quokka (D:2)
  3 frilled lizards
  4 kobolds
  4 rats (D:1)
59 creatures vanquished.

Vanquished Creatures (others)
  2 plants (D:1)
2 creatures vanquished.

Grand Total: 61 creatures vanquished

Notes
Turn   | Place    | Note
-------+----------+-------------------------------------------
     0 | D:1      | ReploidZero the Tengu Air Elementalist began the quest for
                  | the Orb.
     0 | D:1      | Reached XP level 1. HP: 10/10 MP: 4/4
   108 | D:1      | Reached XP level 2. HP: 15/15 MP: 0/6
   426 | D:1      | Reached XP level 3. HP: 18/19 MP: 7/7
   429 | D:1      | Learned a level 2 spell: Static Discharge
  1423 | D:2      | Reached XP level 4. HP: 14/24 MP: 2/8
  1622 | D:2      | Found a faded altar of an unknown god.
  1814 | D:2      | Noticed Robin
  1819 | D:2      | HP: 1/24 [/static electricity (2)]
  1819 | D:2      | Killed from afar by themself

Illustrated notes

Levels and vault maps discovered:
D:1:      eino_arrival_water_cross, layout_loops_ring
D:2:      layout_rooms, shapermc_ecumenical_altar_mp_highgroup,
          minmay_tromino_i4, uniq_robin

Skill      XL: |  1  2  3  4 |
---------------+-------------+-----
Conjurations   | 2 |  2.9
Dodging        | 3 |  3.0
Stealth        | |  2.0
Spellcasting   | |  2.5
Air Magic      | |  4.8

Action                   |  1- 3 |  4- 6 || total
-------------------------+-------+-------++-------
Melee: Dagger            |    29 |    13 ||    42
       Kick              |     9 |     5 ||    14
       Peck              |     3 |     2 ||     5
 Cast: Shock             |    65 |     1 ||    66
       Static Discharge  |     1 |     3 ||     4
  Use: Scroll            |     3 |     1 ||     4
Armor: Robe              |    12 |     5 ||    17
Dodge: Dodged            |    30 |    10 ||    40

Table legend: (Time is in decaauts)
 A = Elapsed time spent in this place.
 B = Non-inter-level travel time spent in this place.
 C = Inter-level travel time spent in this place.
 D = Time resting spent in this place.
 E = Time spent auto-exploring this place.
 F = Levels seen in this place.
 G = Mean time per level.
                   A        B        C        D        E       F      G
               +--------+--------+--------+--------+--------+-----+--------+
         Total |   1818 |   1777 |     41 |      0 |   1475 |   2 |  909.0 |
       Dungeon |   1818 |   1777 |     41 |      0 |   1475 |   2 |  909.0 |
               +--------+--------+--------+--------+--------+-----+--------+

Top non-repeatable levels by time:
     D:1: 1241 daAuts
     D:2: 576 daAuts
